2630 views
Uploaded 2021-03-31 18:42:20
Game version 1.32.9
53:47 long 1on1 ladder game on (2)ConcealedHill
Saved by xzz
2630 views
Uploaded 2021-03-31 18:42:20
Game version 1.32.9
53:47 long 1on1 ladder game on (2)ConcealedHill

30 units @ 3.8k
/ 0.2k
15 buildings @ 1.9k
/ 0.8k


| Scroll of Regeneration | 2 | 200 |
| Lesser Clarity Potion | 2 | 140 |
| Potion of Healing | 1 | 150 |
| Potion of Mana | 1 | 200 |
| Boots of Speed | 1 | 250 |
| total: | 7 | 940g |
| Peasant | 10 | 750 | / | 0 |
| Footman | 14 | 1890 | / | 0 |
| Priest | 1 | 135 | / | 10 |
| Spell Breaker | 3 | 645 | / | 90 |
| Mortar Team | 2 | 360 | / | 140 |
| total: | 30 | 3780g | / | 240w |
| Scout Tower | 1 | 30 | / | 20 |
| Arcane Tower | 1 | 70 | / | 50 |
| Altar of Kings | 1 | 180 | / | 50 |
| Farm | 7 | 560 | / | 140 |
| Barracks | 1 | 160 | / | 60 |
| Arcane Vault | 1 | 130 | / | 30 |
| Blacksmith | 1 | 140 | / | 60 |
| Town Hall | 1 | 385 | / | 205 |
| Arcane Sanctum | 1 | 150 | / | 140 |
| Workshop | 1 | 140 | / | 140 |
| Keep | 2 | 640 | / | 420 |
| total: | 15 | 1875g | / | 845w |
| 0:01 | Peasant |
| 0:05 | Altar of Kings |
| 0:11 | Peasant |
| 0:11 | Peasant |
| 0:18 | Farm |
| 0:26 | Barracks |
| 0:32 | Peasant |
| 0:56 | Farm |
| 1:00 | Peasant |
| 1:13 | Peasant |
| 1:26 | Peasant |
| 1:29 | Footman |
| 1:36 | Farm |
| 1:39 | Peasant |
| 1:46 | Footman |
| 2:04 | Farm |
| 2:06 | Storm Bolt |
| 2:23 | Peasant |
| 2:24 | Footman |
| 2:25 | Peasant |
| 2:42 | Footman |
| 3:10 | Scout Tower |
| 3:33 | Arcane Tower |
| 3:51 | Bash |
| 4:19 | Keep |
| 4:23 | Arcane Vault |
| 4:25 | Footman |
| 4:25 | Footman |
| 4:58 | Footman |
| 5:11 | Footman |
| 5:13 | Farm |
| 5:30 | Footman |
| 5:49 | Footman |
| 6:04 | Boots of Speed |
| 6:06 | Storm Bolt |
| 6:20 | Blacksmith |
| 6:47 | Arcane Sanctum |
| 8:04 | Bash |
| 8:14 | Scroll of Regeneration |
| 8:14 | Scroll of Regeneration |
| 8:14 | Lesser Clarity Potion |
| 8:15 | Lesser Clarity Potion |
| 8:15 | Potion of Healing |
| 8:15 | Potion of Mana |
| 8:19 | Siphon Mana |
| 8:21 | Footman |
| 8:24 | Priest |
| 8:39 | Workshop |
| 9:08 | Footman |
| 9:09 | Spell Breaker |
| 9:39 | Mortar Team |
| 9:43 | Spell Breaker |
| 9:44 | Footman |
| 10:22 | Farm |
| 10:40 | Priest Adept Training |
| 11:04 | Flame Strike |
| 11:09 | Footman |
| 11:10 | Mortar Team |
| 11:11 | Spell Breaker |
| 11:15 | Farm |
| 12:16 | Town Hall |
| 14:20 | Keep |
| Right click | 552 |
| Select group | 277 |
| Select | 237 |
| Misc. action | 96 |
| Build/train/purchase | 54 |
| Use ability | 26 |
| Assign group | 25 |
| Item give/drop | 3 |
34 units @ 5.2k
/ 1k
286 buildings @ 10.6k
/ 6.7k

| Scroll of Regeneration | 5 | 500 |
| Lesser Clarity Potion | 1 | 70 |
| Potion of Healing | 2 | 300 |
| Scroll of Town Portal | 2 | 700 |
| Staff of Teleportation | 1 | 150 |
| Boots of Speed | 1 | 250 |
| Potion of Lesser Invulnerability | 1 | 150 |
| Scroll of Protection | 1 | 150 |
| total: | 14 | 2270g |
| Peasant | 14 | 1050 | / | 0 |
| Footman | 5 | 675 | / | 0 |
| Mortar Team | 6 | 1080 | / | 420 |
| Sorceress | 2 | 310 | / | 40 |
| Flying Machine | 2 | 200 | / | 60 |
| Goblin Shredder | 5 | 1875 | / | 500 |
| total: | 34 | 5190g | / | 1020w |
| Scout Tower | 269 | 8070 | / | 5380 |
| Arcane Tower | 45 | 3150 | / | 2250 |
| Guard Tower | 10 | 700 | / | 500 |
| Altar of Kings | 1 | 180 | / | 50 |
| Farm | 6 | 480 | / | 120 |
| Lumber Mill | 1 | 120 | / | 0 |
| Barracks | 1 | 160 | / | 60 |
| Arcane Vault | 1 | 130 | / | 30 |
| Blacksmith | 1 | 140 | / | 60 |
| Town Hall | 2 | 770 | / | 410 |
| Cannon Tower | 3 | 360 | / | 300 |
| Workshop | 2 | 280 | / | 280 |
| Arcane Sanctum | 2 | 300 | / | 280 |
| Keep | 1 | 320 | / | 210 |
| Castle | 1 | 360 | / | 210 |
| total: | 286 | 10630g | / | 6670w |
| 0:08 | Peasant |
| 0:08 | Peasant |
| 0:24 | Peasant |
| 0:27 | Altar of Kings |
| 0:46 | Peasant |
| 0:49 | Farm |
| 0:54 | Peasant |
| 0:55 | Peasant |
| 1:00 | Lumber Mill |
| 1:02 | Peasant |
| 1:12 | Barracks |
| 1:35 | Farm |
| 1:38 | Peasant |
| 1:43 | Scout Tower |
| 1:58 | Arcane Vault |
| 2:01 | Peasant |
| 2:18 | Footman |
| 2:22 | Farm |
| 2:30 | Flame Strike |
| 2:31 | Peasant |
| 2:37 | Scout Tower |
| 2:39 | Scout Tower |
| 2:41 | Footman |
| 2:44 | Arcane Tower |
| 2:55 | Footman |
| 3:32 | Keep |
| 4:13 | Arcane Tower |
| 4:14 | Guard Tower |
| 4:17 | Scroll of Regeneration |
| 4:26 | Scroll of Regeneration |
| 4:27 | Lesser Clarity Potion |
| 5:11 | Siphon Mana |
| 5:39 | Blacksmith |
| 5:48 | Goblin Shredder |
| 5:52 | Footman |
| 5:53 | Footman |
| 6:21 | Workshop |
| 6:27 | Scroll of Regeneration |
| 6:41 | Workshop |
| 7:38 | Flame Strike |
| 8:05 | Mortar Team |
| 8:10 | Farm |
| 8:19 | Scout Tower |
| 8:22 | Scout Tower |
| 8:28 | Mortar Team |
| 8:32 | Scout Tower |
| 8:33 | Scout Tower |
| 8:33 | Scout Tower |
| 8:34 | Scout Tower |
| 8:35 | Scout Tower |
| 8:35 | Scout Tower |
| 8:43 | Farm |
| 8:45 | Farm |
| 8:48 | Guard Tower |
| 8:54 | Arcane Sanctum |
| 8:58 | Mortar Team |
| 9:13 | Mortar Team |
| 9:16 | Guard Tower |
| 9:36 | Scout Tower |
| 9:39 | Scout Tower |
| 9:52 | Mortar Team |
| 10:00 | Scroll of Town Portal |
| 10:24 | Arcane Sanctum |
| 10:31 | Potion of Healing |
| 10:41 | Black Gunpowder |
| 10:45 | Scout Tower |
| 10:46 | Scout Tower |
| 10:46 | Scout Tower |
| 10:46 | Scout Tower |
| 10:47 | Scout Tower |
| 10:47 | Scout Tower |
| 11:40 | Mortar Team |
| 11:44 | Guard Tower |
| 11:49 | Scout Tower |
| 11:50 | Scout Tower |
| 11:56 | Sorceress |
| 11:56 | Sorceress Adept Training |
| 12:00 | Scroll of Regeneration |
| 12:07 | Flare |
| 12:11 | Guard Tower |
| 12:31 | Sorceress |
| 12:53 | Potion of Healing |
| 13:11 | Guard Tower |
| 13:14 | Scroll of Regeneration |
| 13:45 | Scroll of Town Portal |
| 13:59 | Cannon Tower |
| 14:48 | Town Hall |
| 14:50 | Arcane Tower |
| 14:52 | Arcane Tower |
| 15:35 | Scout Tower |
| 15:35 | Scout Tower |
| 15:36 | Scout Tower |
| 15:36 | Scout Tower |
| 15:36 | Scout Tower |
| 15:37 | Scout Tower |
| 15:37 | Scout Tower |
| 15:38 | Scout Tower |
| 15:40 | Peasant |
| 15:41 | Peasant |
| 15:46 | Peasant |
| 15:46 | Peasant |
| 15:53 | Scout Tower |
| 15:54 | Scout Tower |
| 15:54 | Scout Tower |
| 15:55 | Scout Tower |
| 15:57 | Scout Tower |
| 16:00 | Scout Tower |
| 16:11 | Siphon Mana |
| 16:27 | Scout Tower |
| 16:27 | Scout Tower |
| 16:28 | Scout Tower |
| 16:28 | Scout Tower |
| 16:29 | Scout Tower |
| 16:29 | Scout Tower |
| 16:30 | Scout Tower |
| 16:30 | Scout Tower |
| 16:31 | Scout Tower |
| 16:31 | Scout Tower |
| 16:31 | Scout Tower |
| 16:34 | Scout Tower |
| 16:35 | Scout Tower |
| 16:35 | Scout Tower |
| 16:36 | Scout Tower |
| 16:37 | Scout Tower |
| 16:39 | Scout Tower |
| 16:40 | Scout Tower |
| 16:40 | Scout Tower |
| 16:41 | Scout Tower |
| 17:02 | Staff of Teleportation |
| 17:24 | Boots of Speed |
| 17:32 | Cannon Tower |
| 17:41 | Potion of Lesser Invulnerability |
| 17:54 | Arcane Tower |
| 17:55 | Arcane Tower |
| 17:59 | Arcane Tower |
| 18:01 | Improved Masonry |
| 18:55 | Castle |
| 18:56 | Refined Gunpowder |
| 18:58 | Studded Leather Armor |
| 19:00 | Arcane Tower |
| 19:04 | Scout Tower |
| 19:05 | Scout Tower |
| 19:06 | Scout Tower |
| 19:07 | Scout Tower |
| 19:07 | Scout Tower |
| 19:07 | Scout Tower |
| 19:13 | Advanced Masonry |
| 19:28 | Cannon Tower |
| 19:30 | Guard Tower |
| 19:45 | Flak Cannons |
| 19:49 | Arcane Tower |
| 19:57 | Guard Tower |
| 20:05 | Arcane Tower |
| 20:07 | Guard Tower |
| 20:18 | Flying Machine |
| 20:22 | Flying Machine |
| 20:28 | Arcane Tower |
| 20:32 | Arcane Tower |
| 20:33 | Arcane Tower |
| 20:50 | Arcane Tower |
| 21:00 | Arcane Tower |
| 21:03 | Guard Tower |
| 21:04 | Arcane Tower |
| 21:06 | Arcane Tower |
| 23:22 | Arcane Tower |
| 23:27 | Arcane Tower |
| 23:31 | Imbued Masonry |
| 23:39 | Town Hall |
| 23:41 | Scout Tower |
| 23:41 | Scout Tower |
| 23:42 | Scout Tower |
| 23:42 | Scout Tower |
| 23:43 | Scout Tower |
| 23:43 | Scout Tower |
| 23:43 | Scout Tower |
| 23:44 | Scout Tower |
| 23:44 | Scout Tower |
| 23:44 | Scout Tower |
| 23:45 | Scout Tower |
| 23:46 | Scout Tower |
| 23:47 | Scout Tower |
| 23:47 | Scout Tower |
| 23:47 | Scout Tower |
| 23:48 | Scout Tower |
| 23:48 | Scout Tower |
| 23:49 | Scout Tower |
| 23:49 | Scout Tower |
| 23:49 | Scout Tower |
| 23:50 | Scout Tower |
| 23:50 | Scout Tower |
| 23:51 | Scout Tower |
| 23:51 | Scout Tower |
| 23:53 | Scout Tower |
| 23:54 | Scout Tower |
| 23:55 | Scout Tower |
| 23:55 | Scout Tower |
| 23:56 | Scout Tower |
| 23:57 | Scout Tower |
| 23:58 | Scout Tower |
| 23:58 | Scout Tower |
| 24:00 | Scout Tower |
| 24:00 | Scout Tower |
| 24:01 | Scout Tower |
| 24:02 | Scout Tower |
| 24:02 | Scout Tower |
| 24:04 | Scout Tower |
| 24:05 | Scout Tower |
| 24:05 | Scout Tower |
| 24:06 | Scout Tower |
| 24:08 | Scout Tower |
| 24:08 | Scout Tower |
| 24:09 | Scout Tower |
| 24:10 | Scout Tower |
| 24:13 | Scout Tower |
| 24:14 | Scout Tower |
| 24:14 | Scout Tower |
| 24:14 | Scout Tower |
| 24:14 | Scout Tower |
| 24:15 | Scout Tower |
| 24:16 | Scout Tower |
| 24:16 | Scout Tower |
| 24:17 | Scout Tower |
| 24:17 | Scout Tower |
| 24:18 | Scout Tower |
| 24:19 | Scout Tower |
| 24:19 | Scout Tower |
| 24:20 | Scout Tower |
| 24:21 | Scout Tower |
| 24:21 | Scout Tower |
| 24:22 | Scout Tower |
| 24:23 | Scout Tower |
| 24:23 | Scout Tower |
| 24:25 | Scout Tower |
| 24:26 | Scout Tower |
| 24:27 | Scout Tower |
| 24:28 | Scout Tower |
| 24:29 | Scout Tower |
| 24:30 | Scout Tower |
| 24:31 | Scout Tower |
| 24:31 | Scout Tower |
| 24:32 | Scout Tower |
| 24:32 | Scout Tower |
| 24:33 | Scout Tower |
| 24:34 | Scout Tower |
| 24:34 | Scout Tower |
| 24:35 | Scout Tower |
| 24:35 | Scout Tower |
| 24:36 | Scout Tower |
| 24:36 | Scout Tower |
| 24:37 | Scout Tower |
| 24:37 | Scout Tower |
| 24:37 | Scout Tower |
| 24:38 | Scout Tower |
| 24:38 | Scout Tower |
| 24:41 | Scout Tower |
| 24:42 | Scout Tower |
| 24:42 | Scout Tower |
| 24:43 | Scout Tower |
| 24:44 | Scout Tower |
| 24:45 | Scout Tower |
| 24:47 | Scout Tower |
| 24:49 | Scout Tower |
| 24:49 | Scout Tower |
| 24:49 | Scout Tower |
| 24:50 | Scout Tower |
| 24:51 | Scout Tower |
| 24:54 | Scout Tower |
| 24:55 | Scout Tower |
| 24:56 | Scout Tower |
| 24:57 | Scout Tower |
| 24:58 | Scout Tower |
| 24:59 | Scout Tower |
| 25:01 | Scout Tower |
| 25:02 | Scout Tower |
| 25:03 | Scout Tower |
| 25:04 | Scout Tower |
| 26:02 | Flame Strike |
| 26:40 | Fragmentation Shards |
| 26:42 | Reinforced Leather Armor |
| 28:07 | Flying Machine Bombs |
| 28:08 | Sorceress Master Training |
| 28:11 | Imbued Gunpowder |
| 28:13 | Iron Plating |
| 28:53 | Arcane Tower |
| 30:07 | Arcane Tower |
| 30:10 | Arcane Tower |
| 30:44 | Scout Tower |
| 30:44 | Scout Tower |
| 30:46 | Scout Tower |
| 30:46 | Scout Tower |
| 30:47 | Scout Tower |
| 30:48 | Scout Tower |
| 30:49 | Scout Tower |
| 30:50 | Scout Tower |
| 30:56 | Scout Tower |
| 30:57 | Scout Tower |
| 30:59 | Scout Tower |
| 30:59 | Scout Tower |
| 32:39 | Scroll of Protection |
| 33:30 | Scout Tower |
| 33:30 | Scout Tower |
| 33:31 | Scout Tower |
| 33:31 | Scout Tower |
| 33:32 | Scout Tower |
| 33:32 | Scout Tower |
| 33:33 | Scout Tower |
| 33:33 | Scout Tower |
| 33:34 | Scout Tower |
| 33:36 | Scout Tower |
| 33:36 | Scout Tower |
| 33:37 | Scout Tower |
| 33:38 | Scout Tower |
| 33:39 | Scout Tower |
| 33:40 | Scout Tower |
| 33:41 | Scout Tower |
| 33:42 | Scout Tower |
| 33:43 | Scout Tower |
| 33:47 | Scout Tower |
| 33:48 | Scout Tower |
| 33:48 | Scout Tower |
| 33:49 | Scout Tower |
| 33:50 | Scout Tower |
| 33:50 | Scout Tower |
| 33:51 | Scout Tower |
| 33:51 | Scout Tower |
| 33:52 | Scout Tower |
| 33:53 | Scout Tower |
| 33:53 | Scout Tower |
| 33:54 | Scout Tower |
| 33:55 | Scout Tower |
| 33:56 | Scout Tower |
| 34:01 | Scout Tower |
| 34:01 | Scout Tower |
| 36:23 | Arcane Tower |
| 38:28 | Arcane Tower |
| 39:03 | Arcane Tower |
| 40:29 | Arcane Tower |
| 43:47 | Goblin Shredder |
| 44:00 | Goblin Shredder |
| 44:52 | Scout Tower |
| 44:52 | Scout Tower |
| 44:53 | Scout Tower |
| 44:53 | Scout Tower |
| 44:54 | Scout Tower |
| 44:54 | Scout Tower |
| 44:55 | Scout Tower |
| 44:56 | Scout Tower |
| 44:56 | Scout Tower |
| 44:57 | Scout Tower |
| 44:58 | Scout Tower |
| 44:58 | Scout Tower |
| 44:59 | Scout Tower |
| 44:59 | Scout Tower |
| 45:00 | Scout Tower |
| 45:01 | Scout Tower |
| 45:01 | Scout Tower |
| 45:02 | Scout Tower |
| 45:03 | Scout Tower |
| 45:04 | Scout Tower |
| 45:05 | Scout Tower |
| 45:06 | Scout Tower |
| 45:06 | Scout Tower |
| 45:08 | Scout Tower |
| 45:08 | Scout Tower |
| 45:09 | Scout Tower |
| 45:10 | Scout Tower |
| 45:11 | Scout Tower |
| 45:12 | Scout Tower |
| 45:12 | Scout Tower |
| 45:13 | Scout Tower |
| 45:14 | Scout Tower |
| 45:14 | Scout Tower |
| 45:15 | Scout Tower |
| 45:15 | Scout Tower |
| 45:16 | Scout Tower |
| 45:17 | Scout Tower |
| 45:17 | Scout Tower |
| 45:18 | Scout Tower |
| 45:19 | Scout Tower |
| 45:20 | Scout Tower |
| 45:20 | Scout Tower |
| 45:21 | Scout Tower |
| 45:22 | Scout Tower |
| 45:22 | Scout Tower |
| 45:23 | Scout Tower |
| 45:23 | Scout Tower |
| 45:24 | Scout Tower |
| 45:24 | Scout Tower |
| 45:26 | Scout Tower |
| 45:27 | Scout Tower |
| 45:27 | Scout Tower |
| 45:28 | Scout Tower |
| 45:28 | Scout Tower |
| 46:40 | Arcane Tower |
| 46:43 | Arcane Tower |
| 46:46 | Arcane Tower |
| 47:55 | Goblin Shredder |
| 48:05 | Goblin Shredder |
| 48:14 | Arcane Tower |
| 48:21 | Arcane Tower |
| 48:32 | Arcane Tower |
| 49:05 | Arcane Tower |
| 49:12 | Arcane Tower |
| 49:33 | Arcane Tower |
| 50:23 | Arcane Tower |
| 50:44 | Arcane Tower |
| 50:54 | Arcane Tower |
| 51:03 | Arcane Tower |
| 51:26 | Arcane Tower |
| 51:54 | Arcane Tower |
| 52:15 | Arcane Tower |
| 52:46 | Arcane Tower |
| 52:50 | Arcane Tower |
| 52:53 | Arcane Tower |
| Right click | 942 |
| Select | 665 |
| Build/train/purchase | 169 |
| Select group | 159 |
| Misc. action | 96 |
| Use ability | 43 |
| Assign group | 17 |
| Item give/drop | 5 |
| Remove unit | 1 |
| Esc | 1 |